[Event "Titled Tuesday Blitz November 14 Late 2023"]
[White "MFatigue"]
[Black "Darko-Dimitrijevic"]
[WhiteElo "2473"]
[BlackElo "2208"]
[Result "1-0"]
[Round "2"]
[TimeControl "180+1"]
[Date "2023.11.14"]
[WhiteClock "0:00:54"]
[BlackClock "0:00:29"]
[Board "157"]

1. e4 c5 2. a3 e6 3. b4 cxb4 4. axb4 Bxb4 5. Bb2 Nf6 6. e5 Nd5 7. c4 Nb6 8. Ra3 Bxa3 9. Bxa3 Qh4 10. Nf3 Qe4+ 11. Be2 Nxc4 12. d3 Qg4 13. dxc4 Qxg2 14. Rg1 Qh3 15. Rxg7 Nc6 16. Rxf7 Qh5 17. Rg7 Nxe5 18. Nxe5 Qxe5 19. Rg3 b6 20. Bd6 Qb2 21. Bh5+ Kd8 22. Bf3 1-0


[Site "https://www.chess.com"]

[Event "Titled Tuesday Blitz November 14 Late 2023"]
[White "Acosta Cruz, Oscar Yosimar"]
[Black "Kopczynski, Michal"]
[WhiteFideId "5111269"]
[BlackFideId "1124200"]
[WhiteElo "2203"]
[BlackElo "2472"]
[Result "1-0"]
[Round "2"]
[TimeControl "180+1"]
[Date "2023.11.14"]
[WhiteClock "0:01:03"]
[BlackClock "0:00:19"]
[Board "158"]

1. d4 Nf6 2. Nf3 g6 3. Bf4 Bg7 4. e3 d6 5. Be2 O-O 6. O-O Nfd7 7. h3 Nc6 8. Bh2 e5 9. c3 f5 10. a4 e4 11. Nfd2 Ne7 12. b4 d5 13. c4 c6 14. Nc3 g5 15. cxd5 cxd5 16. Nb5 f4 17. Qb3 Rf6 18. Nxe4 Kh8 19. Nxf6 Nxf6 20. exf4 gxf4 21. Bxf4 Ng6 22. Be3 Bf5 23. Rac1 a6 24. Nc3 Qd7 25. Kh2 Nh4 26. Rg1 Rg8 27. g4 Be6 28. b5 Bf8 29. bxa6 Bd6+ 30. f4 bxa6 31. Rcf1 h5 32. g5 Ne4 33. Nxe4 dxe4 34. d5 Bxh3 35. Bd4+ Kh7 36. Qxh3 Qxh3+ 37. Kxh3 Nf5 38. Be5 Bc5 39. Bxh5 Bxg1 40. Rxg1 Rd8 41. Bf7 e3 42. Kg4 1-0


[Site "https://www.chess.com"]

[Event "Titled Tuesday Blitz November 14 Late 2023"]
[White "Floresvillar Gonzalez, Luis Migu"]
[Black "Grossboss19"]
[WhiteFideId "5100542"]
[WhiteElo "2198"]
[BlackElo "2462"]
[Result "1-0"]
[Round "2"]
[TimeControl "180+1"]
[Date "2023.11.14"]
[WhiteClock "0:00:14"]
[BlackClock "0:00:00"]
[Board "159"]

1. d4 Nf6 2. c3 g6 3. Bg5 Bg7 4. Nd2 d5 5. e3 O-O 6. Bd3 c5 7. f4 Nc6 8. Ngf3 Bf5 9. Bxf5 gxf5 10. Bxf6 Bxf6 11. Ne5 cxd4 12. exd4 e6 13. O-O Kh8 14. Qh5 Qe7 15. Ndf3 Bxe5 16. Nxe5 Nxe5 17. fxe5 Rg8 18. Rf3 Rg7 19. Raf1 Rag8 20. R1f2 Qg5 21. Qxg5 Rxg5 22. g3 b5 23. Kg2 Rb8 24. b4 Rg4 25. h3 Re4 26. Rf4 Re1 27. Rf1 Rxf1 28. Rxf1 Rc8 29. Rf3 a5 30. a3 Kg7 31. g4 fxg4 32. hxg4 Rc7 33. Kg3 Kg6 34. Kf4 f6 35. Rh3 Rf7 36. Rh5 Rc7 37. exf6 Rxc3 38. bxa5 Rxa3 39. f7 Kxf7 40. Rxh7+ Kg6 41. Ra7 b4 42. a6 b3 43. Ke5 b2 44. Rb7 Rxa6 45. Rxb2 Kg5 46. Rf2 Kxg4 47. Rf6 Kg5 48. Rxe6 Ra5 49. Rd6 Ra1 50. Kxd5 Kf5 51. Rd8 Ra5+ 52. Kc6 Ke6 53. Re8+ Kf7 54. Re1 Ra6+ 55. Kb5 Rd6 56. Kc5 1-0


[Site "https://www.chess.com"]

[Event "Titled Tuesday Blitz November 14 Late 2023"]
[White "Adel, Sara"]
[Black "Kovalevsky, Stanislav"]
[WhiteFideId "10616764"]
[BlackFideId "13508598"]
[WhiteElo "2198"]
[BlackElo "2458"]
[Result "0-1"]
[Round "2"]
[TimeControl "180+1"]
[Date "2023.11.14"]
[WhiteClock "0:01:34"]
[BlackClock "0:01:46"]
[Board "160"]

1. e4 c6 2. d4 d5 3. Nc3 dxe4 4. Nxe4 Nf6 5. Ng3 h5 6. Bc4 h4 7. Nf1 Bg4 8. f3 Bh5 9. Ne3 Nbd7 10. Qd3 e5 11. Qb3 exd4 12. Nf5 Qa5+ 13. Bd2 Qxf5 14. Qxb7 Rb8 15. Qxc6 Be7 16. Ne2 O-O 17. O-O Rfc8 18. Qa4 Nb6 19. Nxd4 Qc5 0-1


[Site "https://www.chess.com"]

[Event "Titled Tuesday Blitz November 14 Late 2023"]
[White "Weisz, Bryan"]
[Black "claudiuprunescu"]
[WhiteFideId "30934133"]
[WhiteElo "2452"]
[BlackElo "2190"]
[Result "0-1"]
[Round "2"]
[TimeControl "180+1"]
[Date "2023.11.14"]
[WhiteClock "0:00:20"]
[BlackClock "0:01:10"]
[Board "161"]

1. c4 Nf6 2. Nc3 e5 3. Nf3 Nc6 4. a3 a5 5. Qc2 d6 6. e3 Be7 7. Bd3 O-O 8. Bf5 Re8 9. Ng5 Bxf5 10. Qxf5 h6 11. h4 Qd7 12. Qxd7 Nxd7 13. Nf3 Nc5 14. Ke2 e4 15. Ne1 Ne5 16. Nd5 Bd8 17. b3 c6 18. Nc3 Nxb3 19. Rb1 Nxc1+ 20. Rxc1 Nxc4 21. Nxe4 d5 22. Nc5 b6 23. Nb3 c5 24. a4 Bf6 25. g4 Nb2 26. g5 hxg5 27. hxg5 Bxg5 28. Nf3 Bf6 29. Rh5 Rad8 30. d4 c4 31. Rb1 Nd3 32. Nbd2 Nf4+ 33. Kf1 Nxh5 34. Rxb6 c3 35. Nb3 Rb8 0-1


[Site "https://www.chess.com"]

[Event "Titled Tuesday Blitz November 14 Late 2023"]
[White "Ferrufino, Boris"]
[Black "Kubicka, Anna"]
[WhiteFideId "3300170"]
[BlackFideId "1152254"]
[WhiteElo "2187"]
[BlackElo "2452"]
[Result "0-1"]
[Round "2"]
[TimeControl "180+1"]
[Date "2023.11.14"]
[WhiteClock "0:02:37"]
[BlackClock "0:01:55"]
[Board "162"]

1. e4 c5 2. Nf3 d6 3. d4 cxd4 4. Nxd4 Nf6 5. Nc3 a6 6. Be3 e5 7. Nb3 Be7 8. f3 Be6 9. Qd2 O-O 10. O-O-O Nbd7 11. g4 b5 12. h4 b4 13. Nd5 Bxd5 14. exd5 Nb6 15. Bxb6 Qxb6 16. h5 a5 17. Kb1 a4 18. Nc1 b3 19. cxb3 axb3 20. a3 Rfc8 21. g5 Nd7 22. Bh3 Rc2 23. Qd3 Nc5 24. Qe3 Rxb2+ 25. Kxb2 Na4+ 26. Kb1 Qxe3 0-1


[Site "https://www.chess.com"]

[Event "Titled Tuesday Blitz November 14 Late 2023"]
[White "Koc, Przemyslaw"]
[Black "campochess"]
[WhiteFideId "1109081"]
[WhiteElo "2451"]
[BlackElo "2186"]
[Result "1-0"]
[Round "2"]
[TimeControl "180+1"]
[Date "2023.11.14"]
[WhiteClock "0:00:32"]
[BlackClock "0:00:17"]
[Board "163"]

1. Nf3 d5 2. g3 Nf6 3. Bg2 b6 4. c4 Bb7 5. cxd5 Nxd5 6. O-O e6 7. d4 Be7 8. e4 Nf6 9. e5 Nfd7 10. Nc3 O-O 11. d5 exd5 12. Nxd5 Nc5 13. Nxe7+ Qxe7 14. Bg5 Qe8 15. Re1 a5 16. Qc2 Nc6 17. a3 a4 18. Rad1 Rd8 19. Bxd8 Nxd8 20. Nd4 Bxg2 21. Kxg2 Nde6 22. Nxe6 Qxe6 23. f4 h5 24. h3 Qh6 25. Qf2 Qe6 26. f5 Qc4 27. f6 Nd3 28. Rxd3 Qxd3 29. fxg7 Re8 30. Rf1 Qg6 31. Qf6 Qxg7 32. Rf5 Qxf6 33. exf6 Re6 34. Kf3 c5 35. h4 Rd6 36. Ke3 Re6+ 37. Kd3 Kh7 38. Rxh5+ Kg6 39. Rh8 Rxf6 40. Rg8+ Kh7 41. Rb8 Rf3+ 42. Kc4 Rb3 43. g4 Rxb2 44. h5 f6 45. Kd5 Rb3 46. Ke6 Kg7 47. Rb7+ Kh6 48. Kxf6 c4 49. g5+ Kxh5 50. Rh7+ Kg4 51. g6 Rf3+ 52. Ke5 c3 53. g7 Re3+ 54. Kd4 Re8 55. Rh8 c2 56. g8=Q+ Rxg8 57. Rxg8+ 1-0


[Site "https://www.chess.com"]

[Event "Titled Tuesday Blitz November 14 Late 2023"]
[White "Curtis, John"]
[Black "Kostiukov, Alexandr"]
[WhiteFideId "3200256"]
[BlackFideId "14108100"]
[WhiteElo "2176"]
[BlackElo "2448"]
[Result "0-1"]
[Round "2"]
[TimeControl "180+1"]
[Date "2023.11.14"]
[WhiteClock "0:00:00"]
[BlackClock "0:00:50"]
[Board "164"]

1. e4 c5 2. Nf3 g6 3. c3 Bg7 4. d4 cxd4 5. cxd4 d5 6. exd5 Nf6 7. Bb5+ Nbd7 8. Nc3 O-O 9. Bg5 Nb6 10. Bxf6 Bxf6 11. Qb3 Bg4 12. Ne5 Bf5 13. O-O Qd6 14. Nc4 Nxc4 15. Bxc4 Bxd4 16. Nb5 Qb6 17. Nxd4 Qxd4 18. Rad1 Qb6 19. Rfe1 Qd6 20. Qxb7 Rfe8 21. b3 a6 22. Qc6 Qa3 23. Qa4 Qxa4 24. bxa4 Bc2 25. Rd2 Bxa4 26. Rd4 Bd7 27. f4 Kf8 28. Re2 a5 29. h3 Rec8 30. Rb2 Rab8 31. Rxb8 Rxb8 32. d6 Rb4 0-1


[Site "https://www.chess.com"]

[Event "Titled Tuesday Blitz November 14 Late 2023"]
[White "Nikologorsky, Matfei"]
[Black "Mariia89"]
[WhiteFideId "24102474"]
[WhiteElo "2434"]
[BlackElo "2173"]
[Result "1-0"]
[Round "2"]
[TimeControl "180+1"]
[Date "2023.11.14"]
[WhiteClock "0:00:16"]
[BlackClock "0:00:04"]
[Board "165"]

1. e4 c6 2. d4 d5 3. Nc3 dxe4 4. Nxe4 Nf6 5. Nxf6+ exf6 6. c3 Be7 7. Bd3 Na6 8. Qc2 Nc7 9. Ne2 Nd5 10. O-O Bg4 11. Ng3 h5 12. h3 Be6 13. Nf5 Bxf5 14. Bxf5 Qd6 15. Re1 g6 16. Bd3 O-O-O 17. a4 Rde8 18. a5 Bd8 19. Bd2 Bc7 20. g3 h4 21. Rxe8+ Rxe8 22. Re1 Rxe1+ 23. Bxe1 hxg3 24. fxg3 Qe6 25. Bf2 Qxh3 26. Qe2 Kd7 27. Qf3 f5 28. Bc4 Ne7 29. Bxf7 g5 30. d5 g4 31. dxc6+ bxc6 32. Qd3+ Kc8 33. Be6+ Kb8 34. a6 Qh7 35. Qd7 Qg7 36. Qe8+ Nc8 37. Qxc8# 1-0


[Site "https://www.chess.com"]

[Event "Titled Tuesday Blitz November 14 Late 2023"]
[White "Polaczek, Richard"]
[Black "ThePeasant98"]
[WhiteFideId "200026"]
[WhiteElo "2433"]
[BlackElo "2166"]
[Result "1-0"]
[Round "2"]
[TimeControl "180+1"]
[Date "2023.11.14"]
[WhiteClock "0:01:05"]
[BlackClock "0:00:04"]
[Board "166"]

1. d4 Nf6 2. Bg5 d5 3. Bxf6 gxf6 4. c4 c6 5. cxd5 cxd5 6. Nc3 Nc6 7. e3 e6 8. Bd3 Bd6 9. Nge2 Bd7 10. O-O a6 11. a3 Rc8 12. b4 h5 13. Na4 h4 14. Nc5 Bb8 15. f4 e5 16. fxe5 fxe5 17. Nxd7 Qxd7 18. Bf5 Qc7 19. Bxc8 exd4 20. Nf4 Qxc8 21. Nxd5 Qe6 22. Qf3 dxe3 23. Rae1 Ba7 24. Kh1 Ne5 25. Nc7+ Kd7 26. Qxb7 Qb6 27. Qd5+ Kxc7 28. Qxe5+ Kb7 29. Rxf7+ 1-0


[Site "https://www.chess.com"]

[Event "Titled Tuesday Blitz November 14 Late 2023"]
[White "Villarreal, Agustin"]
[Black "Orphanator2009"]
[WhiteFideId "125687"]
[WhiteElo "2431"]
[BlackElo "2149"]
[Result "1-0"]
[Round "2"]
[TimeControl "180+1"]
[Date "2023.11.14"]
[WhiteClock "0:01:15"]
[BlackClock "0:00:21"]
[Board "167"]

1. d4 Nf6 2. Nf3 d5 3. c4 e6 4. Nc3 Be7 5. Bf4 O-O 6. e3 c5 7. Qc2 Nc6 8. cxd5 Nxd5 9. Bd3 Nxf4 10. Bxh7+ Kh8 11. exf4 Nxd4 12. Nxd4 Qxd4 13. Be4 f5 14. Rd1 Qb4 15. a3 Qa5 16. Bf3 Qc7 17. g3 Bd7 18. O-O Bc6 19. Qe2 Bf6 20. Rfe1 Rfe8 21. Nb5 Bxb5 22. Qxb5 Bd4 23. Re2 e5 24. Bh5 Re7 25. fxe5 Rxe5 26. Rxd4 Rxe2 27. Bxe2 cxd4 28. Qxf5 Qd6 29. Bd3 g6 30. Qf7 Rf8 31. Qxb7 Qf6 32. Qg2 Rc8 33. Qh3+ 1-0


[Site "https://www.chess.com"]

[Event "Titled Tuesday Blitz November 14 Late 2023"]
[White "Sivanandan, Bodhana"]
[Black "Yeritsyan, Hayk"]
[WhiteFideId "497592"]
[BlackFideId "13307320"]
[WhiteElo "2148"]
[BlackElo "2430"]
[Result "1-0"]
[Round "2"]
[TimeControl "180+1"]
[Date "2023.11.14"]
[WhiteClock "0:00:17"]
[BlackClock "0:00:03"]
[Board "168"]

1. d4 d5 2. Bf4 c5 3. dxc5 Nc6 4. Nf3 Nf6 5. e3 Bg4 6. Bb5 e6 7. b4 Be7 8. c3 O-O 9. Bxc6 bxc6 10. O-O Ne4 11. h3 Bh5 12. Nbd2 Nxc3 13. Qc2 Ne2+ 14. Kh1 Nxf4 15. exf4 Bg6 16. Qb2 Bf6 17. Ne5 Qc7 18. Ndf3 Be4 19. Qe2 a5 20. a3 Rfb8 21. Rfe1 Bxf3 22. Qxf3 axb4 23. axb4 Rxa1 24. Rxa1 Bxe5 25. fxe5 Qxe5 26. Ra7 Qf6 27. Qg3 e5 28. Ra6 g6 29. Rb6 Rc8 30. b5 Kg7 31. bxc6 g5 32. h4 Qf4 33. Qxg5+ Qxg5 34. hxg5 Kg6 35. Kg1 Kxg5 36. Kf1 f6 37. Ke2 Kf5 38. Ke3 h5 39. g3 Ke6 40. c7+ Kf5 41. Rc6 d4+ 42. Kd3 Kg5 43. f3 Kf5 44. Kd2 Kg5 45. Ke2 h4 46. gxh4+ Kf5 47. Kd3 Kg6 48. h5+ Kg5 49. h6 Kxh6 50. Rxf6+ Kg5 51. Rc6 Kf5 52. Kc4 Kf4 53. Rf6+ Ke3 54. Rf5 Rxc7 55. Rxe5+ Kxf3 56. Kxd4 Kf4 57. Re1 Kf5 58. Kd5 Rd7+ 59. Kc6 Rd2 60. Kc7 Rc2 61. c6 Rc3 62. Kb7 Rb3+ 63. Kc8 Rc3 64. c7 Kf6 65. Re4 Rc2 66. Kd7 Rd2+ 67. Kc6 Rc2+ 68. Kd6 Rd2+ 69. Kc5 Rc2+ 70. Rc4 Rxc4+ 71. Kxc4 1-0


[Site "https://www.chess.com"]

[Event "Titled Tuesday Blitz November 14 Late 2023"]
[White "Mazurkiewicz, Michal"]
[Black "Michalski, Olaf"]
[WhiteFideId "1124943"]
[BlackFideId "1106740"]
[WhiteElo "2430"]
[BlackElo "2144"]
[Result "1-0"]
[Round "2"]
[TimeControl "180+1"]
[Date "2023.11.14"]
[WhiteClock "0:00:50"]
[BlackClock "0:00:00"]
[Board "169"]

1. e4 c5 2. Nf3 a6 3. g3 g6 4. Bg2 Bg7 5. O-O e6 6. d3 Nc6 7. Re1 Nge7 8. e5 d5 9. exd6 Qxd6 10. Nbd2 b6 11. Nc4 Qb8 12. Bf4 Qa7 13. Nfe5 Nxe5 14. Bxe5 Bxe5 15. Rxe5 O-O 16. Bxa8 Qxa8 17. Qd2 Qc6 18. Re4 f5 19. Ne5 Qd5 20. c4 Qd6 21. Re2 Bb7 22. f4 Nc6 23. Qe3 Nd4 24. Rf2 Re8 25. Re1 Kg7 26. h4 h5 27. Kh2 Kf6 28. a3 b5 29. b4 bxc4 30. Nxc4 Qc6 31. Qe5+ Kf7 32. Nd6+ 1-0


[Site "https://www.chess.com"]

[Event "Titled Tuesday Blitz November 14 Late 2023"]
[White "Dahlgren, James Allen"]
[Black "ATM622"]
[WhiteFideId "22256873"]
[WhiteElo "2143"]
[BlackElo "2429"]
[Result "0-1"]
[Round "2"]
[TimeControl "180+1"]
[Date "2023.11.14"]
[WhiteClock "0:00:00"]
[BlackClock "0:00:03"]
[Board "170"]

1. d3 d5 2. f4 Nf6 3. Nf3 g6 4. g3 Bg7 5. Bg2 O-O 6. O-O c5 7. Nc3 Nc6 8. e4 d4 9. Ne2 e5 10. h3 Ne8 11. g4 f5 12. exf5 gxf5 13. g5 e4 14. Nh4 e3 15. Bxc6 bxc6 16. c4 h6 17. Ng6 Rf7 18. h4 Qd6 19. h5 Be6 20. Qe1 Bxc4 21. dxc4 d3 22. Bxe3 dxe2 23. Qxe2 hxg5 24. Rad1 Bd4 25. Bxd4 cxd4 26. c5 d3 27. Rxd3 Qxc5+ 28. Qf2 Qxf2+ 29. Kxf2 Nf6 30. fxg5 Ne4+ 31. Kf3 Nxg5+ 32. Kf4 Ne6+ 33. Ke5 Re8 34. Kd6 Rd8+ 35. Kxe6 Rxd3 36. Rxf5 Rxf5 37. Kxf5 Kg7 38. Ne5 Rd5 39. Ke6 Rd2 40. Nxc6 Rxb2 41. a4 Ra2 42. a5 a6 43. Kd6 Rb2 44. Kc5 Rb5+ 45. Kc4 Rxh5 46. Kb4 Rb5+ 47. Kc4 Kf6 48. Nd4 Rxa5 49. Nc6 Ra4+ 50. Kc5 Ra1 51. Kb6 Ke6 52. Na5 Rb1+ 53. Kxa6 Kd5 54. Ka7 Kc5 55. Ka6 Rb6+ 56. Ka7 Rb5 57. Nb7+ Kc6 58. Ka6 Rb6+ 59. Ka5 Rxb7 0-1


[Site "https://www.chess.com"]

[Event "Titled Tuesday Blitz November 14 Late 2023"]
[White "Stanojevic, Ilija"]
[Black "Andreassen, Lars"]
[WhiteFideId "959995"]
[BlackFideId "1504878"]
[WhiteElo "2426"]
[BlackElo "2135"]
[Result "1-0"]
[Round "2"]
[TimeControl "180+1"]
[Date "2023.11.14"]
[WhiteClock "0:00:34"]
[BlackClock "0:00:00"]
[Board "171"]

1. d4 d5 2. c4 e6 3. Nf3 c5 4. cxd5 cxd4 5. Qxd4 exd5 6. Nc3 Nf6 7. Bg5 Be6 8. e3 Nc6 9. Bb5 Be7 10. O-O h6 11. Qh4 O-O 12. Bxh6 Ne4 13. Qh5 Nf6 14. Qg5 Ne8 15. Qg3 Bd6 16. Bf4 Be7 17. Rfd1 Nf6 18. Bh6 Ne8 19. e4 d4 20. Bxc6 bxc6 21. Nxd4 Bh4 22. Nxe6 Qf6 23. Bg5 Bxg3 24. Bxf6 Bxf2+ 25. Kxf2 fxe6 26. e5 gxf6 27. exf6 Nxf6 28. Kg1 Rab8 29. b3 Nd5 30. Ne4 Rb4 31. Nc5 e5 32. Re1 Re8 33. Rac1 e4 34. Nd7 Rb7 35. Nc5 Rbe7 36. Rc4 e3 37. Nd3 e2 38. Rxc6 Kg7 39. Rc5 Nf6 40. Rc2 Nd5 41. g3 1-0


[Site "https://www.chess.com"]

[Event "Titled Tuesday Blitz November 14 Late 2023"]
[White "Fuentes Godoy, Lilia Ivonne"]
[Black "szachmistrz2500"]
[WhiteFideId "5104130"]
[WhiteElo "2135"]
[BlackElo "2426"]
[Result "0-1"]
[Round "2"]
[TimeControl "180+1"]
[Date "2023.11.14"]
[WhiteClock "0:00:03"]
[BlackClock "0:00:54"]
[Board "172"]

1. d4 d5 2. c4 c6 3. cxd5 cxd5 4. Bf4 Nf6 5. Nc3 Nc6 6. e3 a6 7. Bd3 Bg4 8. f3 Bd7 9. Rc1 e6 10. a3 Nh5 11. Nge2 Nxf4 12. Nxf4 Bd6 13. Nfe2 Qh4+ 14. g3 Qh3 15. Kd2 O-O 16. Qf1 Qh6 17. h4 e5 18. Nxd5 exd4 19. f4 dxe3+ 20. Nxe3 Rad8 21. Qf3 Rfe8 22. Rc3 Qe6 23. Bf5 Qa2 24. Bxd7 Rxd7 25. Kc2 Bxa3 26. Rxa3 Nb4+ 27. Kc3 Rd3+ 28. Kxb4 Qxb2+ 29. Kc4 Qxa3 30. Qxb7 Rdxe3 0-1


[Site "https://www.chess.com"]

[Event "Titled Tuesday Blitz November 14 Late 2023"]
[White "Akhayan, Ruben"]
[Black "Jelcic, Marko"]
[WhiteFideId "204439"]
[BlackFideId "14406489"]
[WhiteElo "2425"]
[BlackElo "2132"]
[Result "1-0"]
[Round "2"]
[TimeControl "180+1"]
[Date "2023.11.14"]
[WhiteClock "0:01:10"]
[BlackClock "0:00:55"]
[Board "173"]

1. e4 e5 2. Bc4 d6 3. d3 Nd7 4. Nc3 Ngf6 5. f4 exf4 6. Bxf4 Ne5 7. Bb3 Be7 8. Nf3 Ng6 9. Be3 O-O 10. Qd2 Ng4 11. O-O Nxe3 12. Qxe3 c6 13. Kh1 a5 14. Rf2 Kh8 15. Raf1 f5 16. exf5 Rxf5 17. Be6 Bxe6 18. Qxe6 Qf8 19. Qe1 Re8 20. Nd4 Bf6 21. Nxf5 Rxe1 22. Rxe1 Bxc3 23. bxc3 Nh4 24. Nxh4 1-0


[Site "https://www.chess.com"]

[Event "Titled Tuesday Blitz November 14 Late 2023"]
[White "Levine, David"]
[Black "PapaieDudu"]
[WhiteFideId "2011611"]
[WhiteElo "2122"]
[BlackElo "2425"]
[Result "1-0"]
[Round "2"]
[TimeControl "180+1"]
[Date "2023.11.14"]
[WhiteClock "0:00:49"]
[BlackClock "0:00:38"]
[Board "174"]

1. d4 d5 2. c4 e6 3. g3 Nf6 4. Bg2 Be7 5. Nf3 O-O 6. O-O dxc4 7. Na3 a6 8. Nxc4 b5 9. Nce5 Bb7 10. Bg5 h6 11. Bxf6 Bxf6 12. e3 Nd7 13. Nxd7 Qxd7 14. Qc2 Rac8 15. Ne5 Bxe5 16. Bxb7 Rb8 17. Bc6 Qd6 18. dxe5 Qxe5 19. Rad1 Rfd8 20. Rxd8+ Rxd8 21. Bf3 c5 22. b3 c4 23. bxc4 Rc8 24. Be2 h5 25. h4 g5 26. hxg5 Qxg5 27. Kg2 bxc4 28. Rh1 Qd5+ 29. Bf3 Qd3 30. Qxd3 cxd3 31. Rd1 Rd8 32. Rd2 f5 33. e4 h4 34. gxh4 Kg7 35. exf5 exf5 36. Kg3 Kf6 37. Kf4 Rd4+ 38. Ke3 Rxh4 39. Rxd3 Ra4 40. a3 Ke5 41. Bb7 a5 42. f4+ Ke6 43. Bc8+ Kf6 44. Bd7 Re4+ 45. Kf3 Re1 46. Rd5 Rf1+ 47. Ke3 Ra1 48. Rxa5 Re1+ 49. Kf2 Ra1 50. Bxf5 Ra2+ 51. Kf3 Ra1 52. Bd3 Rh1 53. a4 Rh3+ 54. Ke4 Rh1 55. Ra6+ Ke7 56. Bc4 Re1+ 57. Kf5 1-0


[Site "https://www.chess.com"]

[Event "Titled Tuesday Blitz November 14 Late 2023"]
[White "Estrada Nieto, Julian"]
[Black "Fernandez Hernandez, Gerardo"]
[WhiteFideId "5101018"]
[BlackFideId "2207400"]
[WhiteElo "2425"]
[BlackElo "2118"]
[Result "1-0"]
[Round "2"]
[TimeControl "180+1"]
[Date "2023.11.14"]
[WhiteClock "0:00:29"]
[BlackClock "0:00:03"]
[Board "175"]

1. e4 e6 2. d4 d5 3. Nd2 Nc6 4. Ngf3 Nf6 5. e5 Nd7 6. Be2 f6 7. exf6 Qxf6 8. Nf1 Bd6 9. Ne3 O-O 10. O-O Qg6 11. h3 Nf6 12. c3 e5 13. dxe5 Nxe5 14. Nxd5 Bxh3 15. Nh4 Qf7 16. gxh3 Qxd5 17. Qxd5+ Nxd5 18. f4 Ng6 19. Nxg6 hxg6 20. Bc4 c6 21. Be3 Kh7 22. Bxd5 cxd5 23. Rad1 Rf5 24. c4 Rc8 25. Rxd5 Rxd5 26. cxd5 Rc2 27. Rf2 Rc4 28. Kg2 a6 29. Kf3 Rc8 30. Rd2 Rf8 31. Kg4 Re8 32. Kf3 Rf8 33. Rd4 g5 34. Kg4 Bc5 35. Re4 Bxe3 36. Rxe3 gxf4 37. Rf3 Rd8 38. Rd3 Kg6 39. Kxf4 Kf6 40. Ke4 Ke7 41. Rg3 Rg8 42. Ke5 g5 43. Rc3 Kd7 44. d6 b5 45. Rc7+ Kd8 46. Ra7 Re8+ 47. Kd5 Re1 48. Rxa6 Rd1+ 49. Kc6 Rh1 50. Ra8# 1-0


[Site "https://www.chess.com"]

[Event "Titled Tuesday Blitz November 14 Late 2023"]
[White "Miszler, Levente"]
[Black "Oliveira, Tiago Batista"]
[WhiteFideId "763276"]
[BlackFideId "2108291"]
[WhiteElo "2422"]
[BlackElo "2077"]
[Result "1-0"]
[Round "2"]
[TimeControl "180+1"]
[Date "2023.11.14"]
[WhiteClock "0:00:43"]
[BlackClock "0:00:00"]
[Board "176"]

1. e4 e5 2. Nf3 Nc6 3. Bc4 Bc5 4. c3 Nf6 5. d3 h6 6. b4 Bb6 7. a4 a6 8. O-O O-O 9. Nbd2 d6 10. Re1 Qe7 11. Nf1 Be6 12. Bxe6 Qxe6 13. Be3 Bxe3 14. Nxe3 Ne7 15. c4 c6 16. Qc2 Rfe8 17. d4 Ng6 18. d5 Qd7 19. c5 dxc5 20. bxc5 cxd5 21. exd5 Nxd5 22. Nxd5 Qxd5 23. Rad1 Qc6 24. Rd6 Qc7 25. Qc4 Kh7 26. Qd5 Re7 27. Nxe5 Nxe5 28. Rxe5 Rae8 29. f4 Rxe5 30. fxe5 Re7 31. Qd3+ g6 32. Qd5 Qa5 33. Rf6 Qe1+ 34. Rf1 Qe3+ 35. Kh1 Kg7 36. h3 h5 37. Rf6 h4 38. Rf1 g5 39. e6 1-0


[Site "https://www.chess.com"]

[Event "Titled Tuesday Blitz November 14 Late 2023"]
[White "miraitrunks"]
[Black "Yang, Kevin"]
[BlackFideId "30908485"]
[WhiteElo "2076"]
[BlackElo "2422"]
[Result "0-1"]
[Round "2"]
[TimeControl "180+1"]
[Date "2023.11.14"]
[WhiteClock "0:01:23"]
[BlackClock "0:00:25"]
[Board "177"]

1. e4 e5 2. Nf3 Nc6 3. Bb5 a6 4. Ba4 Nf6 5. O-O Be7 6. Re1 b5 7. Bb3 O-O 8. a4 b4 9. c3 a5 10. d4 d6 11. Bg5 Rb8 12. Nbd2 Bg4 13. h3 Bh5 14. Nf1 Bxf3 15. gxf3 bxc3 16. bxc3 exd4 17. cxd4 Nxd4 18. Qxd4 Rxb3 19. Ne3 Nd7 20. Bxe7 Qxe7 21. Nd5 Qg5+ 22. Kh2 Rxf3 23. Rg1 Qe5+ 24. Qxe5 Nxe5 25. Kg2 Rb3 26. Nxc7 f5 27. Ne6 Rf6 28. exf5 Rxf5 29. f4 Ng6 30. Rgf1 Re3 31. Nc7 Rxf4 32. Rae1 Rxe1 33. Rxe1 Rxa4 34. Re6 Nf4+ 0-1


[Site "https://www.chess.com"]

[Event "Titled Tuesday Blitz November 14 Late 2023"]
[White "Winkels, Marcel"]
[Black "Djabri, Massinas"]
[WhiteFideId "1003887"]
[BlackFideId "7905726"]
[WhiteElo "2069"]
[BlackElo "2421"]
[Result "0-1"]
[Round "2"]
[TimeControl "180+1"]
[Date "2023.11.14"]
[WhiteClock "0:00:11"]
[BlackClock "0:00:16"]
[Board "178"]

1. e4 c5 2. Nf3 d6 3. d4 cxd4 4. Nxd4 Nf6 5. Nc3 a6 6. h3 e5 7. Nf3 Qc7 8. g4 h6 9. Rg1 b5 10. g5 hxg5 11. Nxg5 b4 12. Nd5 Nxd5 13. Qxd5 Bb7 14. Qd3 Nd7 15. Be3 Nc5 16. Qc4 f6 17. Ne6 Nxe6 18. Qxe6+ Qe7 19. Qxe7+ Kxe7 20. O-O-O Bxe4 21. Kb1 Rc8 22. Rd2 Rc6 23. b3 Ke6 24. Bc4+ d5 25. Bf1 g5 26. Rg3 d4 27. Bxd4 exd4 28. Rxd4 Bxc2+ 29. Kb2 Bd6 30. Re3+ Be5 31. Bc4+ Rxc4 32. bxc4 Kf5 33. Kxc2 Bxd4 34. Rf3+ Ke4 35. Rd3 Rc8 36. Rd2 Rxc4+ 37. Kb3 Rc3+ 38. Kxb4 Rxh3 39. Ka5 Bc3+ 0-1


[Site "https://www.chess.com"]

[Event "Titled Tuesday Blitz November 14 Late 2023"]
[White "Buchenau, Frank"]
[Black "Elbebiber"]
[WhiteFideId "4604350"]
[WhiteElo "2420"]
[BlackElo "2060"]
[Result "1-0"]
[Round "2"]
[TimeControl "180+1"]
[Date "2023.11.14"]
[WhiteClock "0:02:05"]
[BlackClock "0:01:14"]
[Board "179"]

1. e4 d5 2. exd5 Nf6 3. Nf3 Nxd5 4. d4 Bf5 5. Bd3 Bxd3 6. Qxd3 c6 7. O-O e6 8. c4 Nf6 9. Nc3 Be7 10. Re1 O-O 11. Bf4 Re8 12. Rad1 Qa5 13. d5 cxd5 14. cxd5 Nxd5 15. Nxd5 exd5 16. Ng5 g6 17. Qh3 h5 18. Nxf7 Kxf7 19. Qe6+ Kf8 20. Bh6# 1-0


[Site "https://www.chess.com"]

[Event "Titled Tuesday Blitz November 14 Late 2023"]
[White "Castillo Pena, Patricia Evarista"]
[Black "Nunez V, Gustavo Eduardo"]
[WhiteFideId "6412106"]
[BlackFideId "4403690"]
[WhiteElo "2026"]
[BlackElo "2417"]
[Result "1-0"]
[Round "2"]
[TimeControl "180+1"]
[Date "2023.11.14"]
[WhiteClock "0:00:47"]
[BlackClock "0:00:13"]
[Board "180"]

1. d4 Nf6 2. Nf3 e6 3. e3 b6 4. Bd3 Bb7 5. Nbd2 d5 6. b3 Nbd7 7. Bb2 c5 8. O-O Bd6 9. Ne5 Qc7 10. f4 Ne4 11. c4 Bxe5 12. fxe5 O-O 13. Rc1 Qd8 14. cxd5 exd5 15. Nxe4 dxe4 16. Bc4 Qg5 17. Qe2 a6 18. a4 Bc6 19. d5 Bb7 20. e6 Ne5 21. Rf4 b5 22. axb5 axb5 23. Bxb5 Bxd5 24. exf7+ Rxf7 25. Rxf7 Nxf7 26. Rxc5 Rd8 27. h3 Ne5 28. Kh2 Qe7 29. b4 h6 30. Bxe5 Qxe5+ 31. Kg1 Qa1+ 32. Kh2 Qc3 33. Rxc3 1-0


[Site "https://www.chess.com"]